 Dungeon Crawl Stone Soup version 0.27.0-1-g7a089689b8 (webtiles) character file.

Game seed: 5554629552674596543

79950 PBDoughboyy the Destroyer (level 15, -6/126 HPs)
             Began as a Red Draconian Conjurer on July 31, 2021.
             Was a High Priest of Nemelex Xobeh.
             Mangled by a tentacled starspawn (22 damage)
             ... on level 3 of the Abyss on Aug 1, 2021.
             The game lasted 04:52:23 (26648 turns).

PBDoughboyy the Destroyer (Red Draconian Conjurer) Turns: 26648, Time: 04:52:24

Health: -6/126     AC: 23    Str:  9    XL:     15   Next: 22%
Magic:  21/27      EV: 16    Int: 29    God:    Nemelex Xobeh [*****.]
Gold:   2212       SH:  0    Dex: 15    Spells: 5/30 levels left

rFire    + . .     SeeInvis .   H - +8 glaive of the Guard {elec, spectral, AC+5}
rCold    . . .     Faith    .   (shield currently unavailable)
rNeg     . . .     Spirit   .   (armour unavailable)
rPois    +         Reflect  .   W - +2 hat
rElec    .         Harm     .   b - +2 cloak
rCorr    .         Rampage  .   R - +0 pair of fencer's gloves {Riposte Dex+3}
Will     +....                  F - +2 pair of boots
Stlth    +++.......             (no amulet)
HPRegen  0.31/turn              l - ring of poison resistance
MPRegen  0.20/turn              P - +6 ring of intelligence

@: about to teleport, elixired
A: breathe fire, AC +9, unfitting armour, fire resistance 1, cold-blooded
a: Breathe Fire, Renounce Religion, Draw Escape, Draw Destruction, Draw
Summoning, Triple Draw, Deal Four, Stack Five


You were on level 3 of the Abyss.
You worshipped Nemelex Xobeh.
Nemelex Xobeh was extremely pleased with you.
You visited 5 branches of the dungeon, and saw 23 of its levels.
You visited the Abyss 1 time.
You also visited: Bailey.

You collected 2212 gold pieces.

Inventory:

Hand Weapons
 B - the +4 dagger of Cocytus {holy, rF+ Int+2}
   (You found it on level 6 of the Dungeon)

   It has been blessed by the Shining One to cause great damage to the undead
   and demons.
   Int:       It affects your intelligence (+2).
   rF:        It protects you from fire.
 H - the +8 glaive of the Guard (weapon) {elec, spectral, AC+5}
   (You took it off Grum on level 8 of the Dungeon)

   It occasionally discharges a powerful burst of electricity upon striking a
   foe.
   When it strikes, its spirit leaps out and fights alongside the wielder.
   AC:        It affects your AC (+5).
 Z - the +9 trident of Tartarus {vorpal, Int+3}
   (You took it off a spriggan rider on level 4 of the Lair of Beasts)

   It inflicts extra damage upon your enemies.
   Int:       It affects your intelligence (+3).
Missiles
 w - 66 poisoned darts (quivered)
 C - 8 atropa-tipped darts
 G - 2 throwing nets
 S - 17 javelins
Armour
 b - a +2 cloak (worn)
 F - a +2 pair of boots (worn)
 R - the +0 pair of fencer's gloves (worn) {Riposte Dex+3}
   (You acquired it on level 4 of the Lair of Beasts)

   It allows the wearer to riposte with any weapon, or to riposte more often
   with a long blade, swiftly retaliating against a missed attack.
   Dex:       It affects your dexterity (+3).
 W - a +2 hat (worn)
Jewellery
 l - a ring of poison resistance (left hand)
 x - a ring of willpower
 I - a +4 ring of protection
 N - a ring of see invisible
 P - a +6 ring of intelligence (right hand)
 Q - a ring of flight
 V - the ring "Zyneki" {rCorr Dex+2}
   (You found it on level 1 of the Lair of Beasts)

   [ring of resist corrosion]

   Dex:       It affects your dexterity (+2).
   rCorr:     It protects you from acid and corrosion.
 X - a ring of protection from fire
Wands
 k - a wand of charming (19)
 n - a wand of digging (9)
 o - a wand of iceblast (24)
 r - a wand of flame (35)
 v - a wand of polymorph (32)
Scrolls
 c - 2 scrolls of teleportation
 d - 2 scrolls of brand weapon
 f - a scroll of amnesia {unknown}
 i - a scroll of silence
 m - 3 scrolls of summoning
 p - a scroll of vulnerability
 u - 4 scrolls of magic mapping
 y - 2 scrolls of blinking
 A - a scroll of enchant armour
 D - a scroll of holy word
 E - a scroll of immolation
 J - a scroll of enchant weapon
 M - 2 scrolls of fog
Potions
 e - 2 potions of curing
 h - 2 potions of flight
 j - 5 potions of lignification
 q - a potion of berserk rage
 s - 3 potions of brilliance
 t - 3 potions of might
 z - 2 potions of magic
 K - a potion of cancellation
 O - a potion of mutation
 U - 2 potions of haste
 Y - a potion of invisibility
Miscellaneous
 g - a tin of tremorstones (2/2)
 L - a condenser vane
 T - a box of beasts


   Skills:
 - Level 10.0 Fighting
 - Level 0.4 Throwing
 - Level 8.0 Dodging
 - Level 4.0 Stealth
 - Level 8.0 Spellcasting
 + Level 14.9 Conjurations
 - Level 3.0 Fire Magic
 - Level 12.0 Air Magic
 - Level 12.0 Invocations
 - Level 6.0 Evocations


You had 5 spell levels left.
You knew the following spells:

 Your Spells              Type           Power      Damage    Failure   Level
a - Magic Dart            Conj           100%       1d8       0%          1
b - Searing Ray           Conj           100%       3d7       0%          2
c - Mephitic Cloud        Conj/Pois/Air  59%        N/A       1%          3
d - Sticky Flame          Conj/Fire      59%        2d7       1%          4
e - Lightning Bolt        Conj/Air       37%        1d55      1%          5
f - Iskenderun's Mystic   Conj/Tloc      53%        2d11      2%          4
g - Fulminant Prism       Conj/Hex       26%        3d14      2%          4
h - Passwall              Tmut/Erth      9%         N/A       7%          2

Your spell library contained the following spells:

 Spells                   Type           Power      Damage    Failure   Level
 Corpse Rot               Necr/Air       N/A        N/A       1%          2
 Poisonous Vapours        Pois/Air       92%        N/A       1%          2
 Static Discharge         Conj/Air       74%        N/A       1%          2
 Conjure Flame            Conj/Fire      59%        6-21      1%          3
 Dazzling Flash           Conj/Hex       100%       N/A       1%          3
 Stone Arrow              Conj/Erth      100%       3d13      1%          3
 Swiftness                Air            69%        N/A       1%          3
 Freezing Cloud           Conj/Ice/Air   29%        6-21      3%          5
 Beastly Appendage        Tmut           22%        N/A       4%          1
 Sting                    Tmut/Pois      44%        1d5       4%          1
 Irradiate                Conj/Tmut      26%        3d22      6%          5
 Call Imp                 Summ           11%        N/A       7%          2
 Wereblood                Tmut           11%        N/A       7%          2
 Ignite Poison            Fire/Tmut/Pois 17%        N/A       9%          3
 Spider Form              Tmut/Pois      5%         N/A       14%         3
 Summon Guardian Golem    Hex/Summ       11%        N/A       14%         3
 Cause Fear               Hex            5%         N/A       41%         4
 Olgreb's Toxic Radiance  Pois           11%        N/A       41%         4
 Summon Ice Beast         Ice/Summ       11%        N/A       41%         4
 Blade Hands              Tmut           5%         N/A       77%         5
 Summon Mana Viper        Hex/Summ       11%        N/A       77%         5
 Orb of Destruction       Conj           39%        9d13      9%          7
 Spellforged Servitor     Conj/Summ      26%        N/A       88%         7
 Maxwell's Capacitive Co  Air            34%        ∞         91%         8
 Invisibility             Hex            5%         N/A       100%        6
 Dragon Form              Tmut           5%         N/A       100%        7
 Monstrous Menagerie      Summ           5%         N/A       100%        7
 Lehudib's Crystal Spear  Conj/Erth      26%        10d7      100%        8
 Dragon's Call            Summ           5%         N/A       100%        9
 Animate Armour           Summ/Erth      Unusable   N/A       N/A         4

Dungeon Overview and Level Annotations

Branches:
Dungeon (13/15)            Temple (1/1) D:4            Lair (6/6) D:8
 Shoals (0/4) Lair:4        Snake (1/4) Lair:4        Slime (0/5) Lair:6
    Orc (2/2) D:9          Bailey (visited)
    Elf: Orc:2       Vaults: D:13-14

Altars:
Ashenzari
Cheibriados
Dithmenos
Elyvilon
Fedhas
Gozag
Hepliaklqana
Kikubaaqudgha
Makhleb
Nemelex Xobeh
Okawaru
Qazlal
Ru
Sif Muna
Trog
Uskayaw
Vehumet
Wu Jian
Xom
Yredelemnul
Zin
The Shining One
Jiyva
Lugonu

Portals:
Abyss: Lair:6

Annotations:
D:10 3 runed translucent doors, COBRA's ghost, journeyman HOFi; Faydane's ghost, journeyman HuWz
D:12 3 runed translucent doors, Xeikkuus's ghost, journeyman MiFi
Lair:4 Rupert
Snake:1 1 runed translucent door


Innate Abilities, Weirdness & Mutations

You can breathe blasts of fire.
Your fiery red scales are hard. (AC +9)
You cannot fit into any form of body armour.
Your flesh is heat resistant. (rF+)
You are cold-blooded and may be slowed by cold attacks.


Message History

The tentacled starspawn tentacle-slaps your spectral +8 glaive of the Guard {elec, spectral, AC+5}!!
Your spectral weapon shares its damage with you!
Your spectral +8 glaive of the Guard {elec, spectral, AC+5} fades away.
* * * LOW HITPOINT WARNING * * *
The raiju bites you.
* * * LOW HITPOINT WARNING * * *
The raiju shocks you!
* * * LOW HITPOINT WARNING * * *
The raiju bursts into living lightning!
The living lightning hits your yaktaur!!
The raiju blinks!
Your yaktaur wields a +0 arbalest.
Your yaktaur shoots a bolt.
The bolt hits the raiju!!
The raiju dies!
A starcursed mass splits.
Your yaktaur wields a +0 arbalest.
Your yaktaur shoots a bolt.
The bolt hits the raiju!!
The raiju dies!
The starcursed mass touches you.
* * * LOW HITPOINT WARNING * * *
The starcursed mass touches you but does no damage.
Okay, then.
You deal a card...
You have dealt the Tomb.
Walls emerge from the floor!
You deal a card...
You have dealt Exile.
Nothing appears to happen.
You deal a card...
You have dealt Velocity.
The starcursed mass seems to slow down.
The raiju seems to slow down.
The starcursed mass seems to slow down.
The raiju seems to slow down. x2
You deal a card...
You have dealt the Elixir.
You begin rapidly regenerating health and magic.
Your yaktaur unwields a +0 arbalest.
Your yaktaur hits the tentacled starspawn but does no damage.
The starcursed mass touches your yaktaur.
Your yaktaur unwields a +0 arbalest.
Your yaktaur hits the starcursed mass!
The starcursed mass shudders and is absorbed by its neighbour.
A starcursed mass splits.
The starcursed mass touches your yaktaur.
The tentacled starspawn bites you!!
You die...
Your body glows with a rainbow of weird colours and disappears.

#. .#.. . ##. ### ###
.. #####..##.####.## X
...†.......†..... ..
...........X.... ... .
...........XXX#. .. .
......†......### # ..#
# ......#cX......##.. .
# .#.#@#.#.§#..# ..
##XcX###X#..#.# .
#...XX###cX.# # . ○
..?...h.hX. X XX . #○
..........h.#X#.X.###).
.............#hh##.. ..
....#.....#.##h..## ##
. ...###...###.........
.. . . . ....###..#. .


You could see 9 starcursed masses, a tentacled starspawn, 3 raiju and 2 friendly
yaktaurs.

Vanquished Creatures
  An Executioner (Abyss:3)
  2 tentacled starspawn (Abyss:3)
  Josephine (Lair:4)
  Harold (Lair:2)
  A rakshasa (Abyss:3)
  A naga warrior (Snake:1)
  A boulder beetle (D:12)
  3 hydras
  An ogre mage (Orc:1)
  A death knight (D:11)
  3 two-headed ogres
  6 death yaks
  2 thrashing horrors (Lair:6)
  3 spriggans
  The ghost of Laummuim the Gouger, a journeyman FeFi of Fedhas (Lair:4)
  4 skeletal warriors
  A spatial maelstrom (Abyss:3)
  A harpy (shapeshifter) (Lair:6)
  A phantasmal warrior (D:11)
  Pikel (D:4)
  An orc knight (Bailey)
  A deep elf pyromancer (D:8)
  A harpy (Lair:3)
  2 mana vipers
  A frost giant zombie (Abyss:3)
  5 ugly things
  An oklob plant (Lair:2)
  2 orc sorcerers (Orc:1)
  3 cyclopes
  2 manticores
  5 black mambas
  Maurice (Orc:1)
  7 elephants
  An orange demon (Abyss:3)
  3 smoke demons
  A gargoyle (D:12)
  A torpor snail (Lair:5)
  A kobold demonologist (D:11)
  13 cane toads
  5 rime drakes
  An unseen horror (D:12)
  An efreet (Abyss:3)
  10 komodo dragons
  4 ancient zymes
  A merfolk (shapeshifter) (Lair:6)
  3 large abominations
  A wind drake (Lair:4)
  6 trolls
  Prince Ribbit (D:8)
  2 hornets (Lair:4)
  8 blink frogs
  10 dream sheep (Lair:6)
  Sigmund (D:3)
  6 wraiths
  A ynoxinul (Lair:6)
  3 wyverns
  41 yaks
  A vampire (D:12)
  2 chaos spawn (Lair:6)
  Grum (D:8)
  A basilisk (shapeshifter) (D:10)
  10 vampire mosquitoes
  7 basilisks
  Menkaure (D:6)
  5 wargs (Orc:1)
  A spatial vortex (Abyss:3)
  5 swamp worms (Lair:1)
  2 acid dragons
  2 nagas (Snake:1)
  11 small abominations
  Duvessa (D:4)
  16 water moccasins
  7 black bears
  17 orc warriors
  A swamp drake (D:9)
  2 ice beasts (D:8)
  A necrophage (D:3)
  27 wolves
  4 ogres
  A boggart (Lair:4)
  2 centaurs
  A phantom (D:4)
  A lemure (D:4)
  2 kobold brigands (D:8)
  19 bullfrogs
  3 scorpions
  A wyvern zombie (D:7)
  A water moccasin zombie (D:5)
  A water moccasin skeleton (D:5)
  Dowan (D:4)
  4 howler monkeys
  5 wights (D:6)
  6 electric eels
  7 centaur zombies
  2 quasits (Abyss:3)
  4 starcursed masses (Abyss:3)
  A centaur skeleton (D:6)
  5 jellies
  10 orc priests
  2 hounds
  Ijyb (D:3)
  4 iguanas
  14 orc wizards
  A scorpion zombie (D:5)
  10 adders
  4 white imps
  An ufetubus (D:7)
  An adder skeleton (D:4)
  2 worms
  2 dart slugs
  72 orcs
  8 ball pythons
  4 bats
  8 endoplasms
  3 giant cockroaches
  13 goblins
  8 hobgoblins
  7 jackals
  19 kobolds
  2 quokkas
  2 frilled lizards
  5 rats
  7 briar patches (Lair:1)
  A fulminant prism (Lair:6)
  A fungus (Lair:5)
  A starspawn tentacle (Abyss:3)
598 creatures vanquished.

Vanquished Creatures (collateral kills)
  A thrashing horror (Lair:6)
  A wretched star (Abyss:3)
  2 elephants (Lair:4)
  An ancient zyme (Abyss:3)
  3 raiju (Abyss:3)
  A blink frog (Lair:6)
  A basilisk (Lair:6)
  A warg (Orc:1)
  2 orc warriors (Orc:1)
  A wolf (Lair:4)
  An orc priest (Orc:1)
  2 orc wizards (Orc:1)
  A small abomination (Lair:6)
  2 orcs (Orc:1)
20 creatures vanquished.

Vanquished Creatures (others)
  A small abomination (Abyss:3)
  2 briar patches (Lair:1)
  67 fulminant prisms
  46 fungi
  138 plants
  25 starspawn tentacles (Abyss:3)
279 creatures vanquished.

Grand Total: 897 creatures vanquished

Notes
Turn   | Place    | Note
-------+----------+-------------------------------------------
     0 | D:1      | PBDoughboyy the Draconian Conjurer began the quest for the
                  | Orb.
     0 | D:1      | Reached XP level 1. HP: 14/14 MP: 3/3
   510 | D:1      | Reached XP level 2. HP: 20/20 MP: 5/5
   543 | D:1      | Learned a level 2 spell: Searing Ray
   980 | D:2      | Reached XP level 3. HP: 26/26 MP: 2/6
  1132 | D:2      | Reached skill level 5 in Conjurations
  1971 | D:3      | Noticed a necrophage
  1993 | D:3      | Killed a necrophage
  1994 | D:3      | Reached skill level 6 in Conjurations
  1994 | D:3      | Reached XP level 4. HP: 26/33 MP: 0/8
  1994 | D:3      | Reached XP level 5. HP: 29/38 MP: 0/9
  2406 | D:3      | Found a faded altar of an unknown god.
  2499 | D:3      | Noticed Sigmund
  2683 | D:3      | Noticed Ijyb
  2692 | D:3      | Killed Ijyb
  2982 | D:4      | Found a staircase to the Ecumenical Temple.
  3115 | D:4      | Reached skill level 1 in Fighting
  3115 | D:4      | Reached XP level 6. HP: 42/47 MP: 9/12
  3119 | Temple   | Entered the Ecumenical Temple
  3217 | Temple   | Became a worshipper of Nemelex Xobeh the Trickster
  3357 | D:4      | Noticed Pikel
  3767 | D:4      | Killed Pikel
  3768 | D:4      | Your scales start taking on a fiery red colour.
  3768 | D:4      | Reached XP level 7. HP: 18/59 MP: 4/13
  3768 | D:4      | Gained mutation: Your flesh is heat resistant. (rF+) [Red
                  | Draconian growth]
  4119 | D:4      | Identified the +4 hunting sling "Uleblixo" {freeze, Str+4}
  4121 | D:4      | Noticed Dowan
  4121 | D:4      | Noticed Duvessa
  4137 | D:4      | Killed Dowan
  4212 | D:4      | Killed Duvessa
  4213 | D:4      | Reached XP level 8. HP: 32/66 MP: 5/14
  4508 | D:5      | Entered Level 5 of the Dungeon
  4946 | D:5      | Found a white marble altar of Elyvilon.
  4947 | D:5      | Found a bloodstained altar of Trog.
  4948 | D:5      | Found a basalt altar of Yredelemnul.
  4948 | D:5      | Found a broken altar of Ashenzari.
  5316 | D:6      | Reached * piety under Nemelex Xobeh
  5370 | D:6      | Reached skill level 7 in Conjurations
  5462 | D:6      | Received a gift from Nemelex Xobeh
  5786 | D:6      | Reached skill level 8 in Conjurations
  5843 | D:6      | Noticed Menkaure
  5850 | D:6      | Killed Menkaure
  5857 | D:6      | Learned a level 3 spell: Mephitic Cloud
  6130 | D:6      | Reached XP level 9. HP: 39/71 MP: 7/15
  6510 | D:6      | Reached skill level 1 in Evocations
  7014 | D:6      | Found a stormy altar of Qazlal.
  7021 | D:6      | Found a shimmering blue altar of Sif Muna.
  7201 | D:6      | Identified the +4 dagger of Cocytus {holy, rF+ Int+2}
  7300 | D:7      | Reached skill level 5 in Invocations
  7911 | D:7      | Received a gift from Nemelex Xobeh
  7939 | D:7      | Reached ** piety under Nemelex Xobeh
  8301 | D:8      | Identified the +0 tower shield of Subjectivity {Str+6}
  8410 | D:8      | Reached skill level 5 in Dodging
  8412 | D:8      | Noticed Prince Ribbit
  8423 | D:8      | Killed Prince Ribbit
  8577 | D:8      | Noticed Grum
  8839 | D:8      | Killed Grum
  8849 | D:8      | Reached XP level 10. HP: 50/78 MP: 13/17
  8983 | D:8      | Noticed an elephant
  8996 | D:8      | Reached skill level 5 in Spellcasting
  9022 | D:8      | Killed an elephant
  9073 | D:8      | Found a burning altar of Makhleb.
  9083 | D:8      | Found a staircase to the Lair.
  9347 | D:8      | Reached skill level 5 in Air Magic
  9437 | D:8      | Noticed a deep elf pyromancer
  9440 | D:8      | Reached skill level 1 in Fire Magic
  9459 | D:8      | Killed a deep elf pyromancer
  9539 | D:9      | Learned a level 4 spell: Sticky Flame
  9554 | D:8      | Reached skill level 9 in Conjurations
  9820 | D:9      | Found a staircase to the Orcish Mines.
  9986 | D:9      | Found a flagged portal.
 10000 | Bailey   | Entered a bailey
 10001 | Bailey   | Upgraded the game from 0.27.0 to 0.27.0-1-g7a089689b8
 10129 | Bailey   | Noticed an orc knight
 10139 | Bailey   | Found a bloodstained altar of Trog.
 10146 | Bailey   | Killed an orc knight
 10147 | Bailey   | Reached skill level 10 in Conjurations
 10172 | Bailey   | Identified the +0 cloak of Giebluri {Stlth+}
 10270 | D:9      | Reached *** piety under Nemelex Xobeh
 10285 | D:9      | Found a snail-covered altar of Cheibriados.
 10328 | D:9      | Reached XP level 11. HP: 79/84 MP: 11/20
 10631 | D:10     | Entered Level 10 of the Dungeon
 10963 | D:10     | Noticed a two-headed ogre
 10984 | D:10     | Killed a two-headed ogre
 11163 | D:10     | Received a gift from Nemelex Xobeh
 11196 | D:10     | Learned a level 5 spell: Lightning Bolt
 11218 | D:10     | Noticed a red ugly thing
 11227 | D:10     | Killed a red ugly thing
 11624 | D:10     | Received a gift from Nemelex Xobeh
 11820 | D:10     | Found a runed translucent gate.
 11820 | D:10     | Found a runed translucent gate.
 11820 | D:10     | Found a runed translucent gate.
 11823 | D:10     | Noticed Faydane's ghost (journeyman HuWz)
 11824 | D:10     | Noticed COBRA's ghost (journeyman HOFi)
 12178 | D:3      | Killed Sigmund
 12336 | D:11     | Noticed a death knight
 12428 | Orc:1    | Entered Level 1 of the Orcish Mines
 12667 | Orc:1    | Reached **** piety under Nemelex Xobeh
 12674 | Orc:1    | Received a gift from Nemelex Xobeh
 12724 | Orc:1    | Noticed an orc sorcerer
 12743 | Orc:1    | Killed an orc sorcerer
 12907 | Orc:1    | Noticed Maurice
 12921 | Orc:1    | Killed Maurice
 13122 | Orc:2    | Entered Level 2 of the Orcish Mines
 13142 | Orc:2    | Noticed an orc warlord
 13315 | Orc:2    | Noticed an orc sorcerer
 13318 | Orc:2    | Noticed an orc sorcerer
 13326 | Orc:1    | Killed an orc sorcerer
 13488 | Orc:2    | Noticed an orc knight
 13488 | Orc:2    | Noticed an ogre mage
 13489 | Orc:2    | Paralysed by an ogre mage for 3 turns
 13495 | Orc:1    | HP: 3/84 [poisoned by an orc wizard]
 13508 | Orc:1    | Reached XP level 12. HP: 11/91 MP: 8/21
 13511 | Orc:1    | Killed an ogre mage
 13512 | Orc:1    | Reached skill level 10 in Invocations
 14093 | D:11     | Reached skill level 10 in Air Magic
 14473 | D:10     | Learned a level 4 spell: Iskenderun's Mystic Blast
 14564 | D:11     | Noticed a two-headed ogre
 14574 | D:11     | Killed a two-headed ogre
 14668 | D:11     | Killed a death knight
 14849 | D:12     | Found a runed translucent gate.
 14850 | D:12     | Found a runed translucent gate.
 14851 | D:12     | Found a runed translucent gate.
 14853 | D:12     | Noticed Xeikkuus's ghost (journeyman MiFi)
 14867 | D:12     | Noticed a two-headed ogre
 14888 | D:12     | Killed a two-headed ogre
 14951 | D:12     | Noticed a boulder beetle
 14962 | D:12     | Killed a boulder beetle
 16198 | D:13     | Noticed a six-headed hydra
 16343 | Lair:1   | Entered Level 1 of the Lair of Beasts
 16651 | Lair:1   | Reached XP level 13. HP: 96/96 MP: 25/25
 16998 | Lair:1   | Found a transporter.
 17022 | Lair:1   | Found a transporter.
 17344 | Lair:1   | Reached skill level 5 in Fighting
 17358 | Lair:1   | Identified the ring "Zyneki" {rCorr Dex+2}
 17803 | Lair:2   | Noticed Harold
 17833 | Lair:1   | Learned a level 4 spell: Fulminant Prism
 17913 | Lair:2   | Killed Harold
 18752 | Lair:2   | Reached ***** piety under Nemelex Xobeh
 19062 | Lair:3   | Received a gift from Nemelex Xobeh
 19298 | Lair:3   | Received a gift from Nemelex Xobeh
 20562 | Lair:4   | Found a staircase to the Snake Pit.
 20578 | Lair:3   | Reached skill level 5 in Evocations
 21017 | Lair:4   | Noticed Josephine
 21031 | Lair:4   | Killed Josephine
 21635 | Lair:4   | Received a gift from Nemelex Xobeh
 21734 | Lair:4   | Found a runed translucent door.
 21738 | Lair:4   | Noticed Laummuim's ghost (journeyman FeFi)
 21739 | Lair:4   | Identified the +9 trident of Tartarus {vorpal, Int+3}
 21780 | Lair:4   | Identified a scroll of acquirement
 21815 | Lair:4   | Acquired the +0 pair of fencer's gloves {Riposte Dex+3}
 21816 | Lair:4   | Found the +0 pair of fencer's gloves {Riposte Dex+3}
 21846 | Lair:4   | Found a staircase to the Shoals.
 21864 | Lair:4   | Received a gift from Nemelex Xobeh
 22030 | Lair:4   | Reached XP level 14. HP: 36/113 MP: 6/26
 22031 | Lair:4   | Reached skill level 11 in Conjurations
 22033 | Lair:4   | Killed Laummuim's ghost
 22658 | Lair:5   | Received a gift from Nemelex Xobeh
 22947 | Lair:5   | Learned a level 2 spell: Passwall
 23610 | Lair:6   | Entered Level 6 of the Lair of Beasts
 23938 | Lair:6   | Reached skill level 12 in Conjurations
 24119 | Lair:6   | Reached skill level 10 in Fighting
 24132 | Lair:6   | Received a gift from Nemelex Xobeh
 24260 | Lair:6   | Found a viscous altar of Jiyva.
 24261 | Lair:6   | Found a staircase to the Slime Pits.
 24862 | Lair:6   | Reached skill level 13 in Conjurations
 25206 | Lair:6   | Identified the +2 robe of the Orb Guardian {rF- Int+2
                  | Dex+4}
 25277 | Lair:6   | Received a gift from Nemelex Xobeh
 25450 | Lair:6   | Identified the -1 long sword of the Moon {flame, Dex+4}
 25541 | Lair:6   | Found a corrupted altar of Lugonu.
 25541 | Lair:6   | Found a one-way gate to the infinite horrors of the Abyss.
 25942 | Snake:1  | Entered Level 1 of the Snake Pit
 25942 | Snake:1  | Found a runed translucent door.
 25988 | Lair:4   | Noticed Rupert
 26003 | Lair:4   | Cast into level 3 of the Abyss (Rupert)
 26035 | Abyss:3  | Noticed a tentacled starspawn
 26089 | Abyss:3  | Reached skill level 14 in Conjurations
 26089 | Abyss:3  | Reached XP level 15. HP: 88/88 MP: 27/27
 26092 | Abyss:3  | Killed a tentacled starspawn
 26093 | Abyss:3  | Noticed an Executioner
 26102 | Abyss:3  | Killed an Executioner
 26108 | Abyss:3  | Noticed a tentacled starspawn
 26167 | Abyss:3  | Received a gift from Nemelex Xobeh
 26334 | Abyss:3  | Noticed a tentacled starspawn
 26341 | Abyss:3  | Killed a tentacled starspawn
 26615 | Abyss:3  | Noticed a thorn hunter
 26628 | Abyss:3  | Paralysed by accursed screaming for 2 turns
 26633 | Abyss:3  | Paralysed by accursed screaming for 1 turns
 26639 | Abyss:3  | Paralysed by accursed screaming for 1 turns
 26641 | Abyss:3  | Noticed a tentacled starspawn
 26647 | Abyss:3  | HP: 4/126 [raiju (7)]
 26648 | Abyss:3  | Mangled by a tentacled starspawn

Illustrated notes

Levels and vault maps discovered:
D:1:      tarquinn_simple_flora_water_e, layout_loops_cross
D:2:      layout_loops_ring
D:3:      layout_basic, hellmonk_ecumenical_altar_slurped_away, uniq_sigmund,
          uniq_ijyb
D:4:      layout_basic, minmay_temple_entry_mist,
          chequers_serial_rivers_micro_c, minmay_misc_feat_enclosed,
          uniq_duvessa, uniq_pikel
D:5:      layout_basic, mainiacjoe_overflow_alcove_3
D:6:      layout_loops_ring, amethyst_overflow_temple_binary,
          serial_bayou_lagoon_a, uniq_menkaure
D:7:      layout_basic
D:8:      wander_river, layout_basic, lightli_temple_of_fire,
          david_lair_generic, minmay_checkerbox, uniq_grum, uniq_prince_ribbit1
D:9:      layout_roguey, kennysheep_mini_moat, erik_orc_1, enter_bailey_3
D:10:     layout_basic, gammafunk_ghost_cemetery, serial_bayou_lagoon_b
D:11:     layout_basic
D:12:     layout_basic, gammafunk_ghost_nasty_kobolds, kennysheep_generic_room_5
D:13:     minmay_isolated_rectangles_in_corner, layout_long_grid, david_vaults_2
Temple:   nicolae_temple_great_sept
Lair:1:   gammafunk_worm_tunnel, layout_big_grid, hangedman_lair_unloving_vines
Lair:2:   layout_roguey, beast_lair_carwin_8, lemuel_fruit_tree, uniq_harold
Lair:3:   layout_chaotic_city, serial_bayou_ford_a
Lair:4:   layout_misc_corridors, minmay_shoals_entry_beasts, dummy_snake_entry,
          ebering_ghost_funeral_grove, chequers_serial_rivers_small_b,
          minivault_23, uniq_josephine, uniq_rupert
Lair:5:   layout_roguey, grunt_forest_small_clearings,
          chequers_serial_rivers_room_a, patterned_corridor,
          serial_bayou_shore_b, infiniplex_staircase_pool_2
Lair:6:   hellmonk_lair_end_abyssal_woods, layout_gridlike, slime_altar_1,
          serial_rivers, chequers_serial_rivers_room_a,
          chequers_serial_rivers_micro_e, chequers_serial_rivers_micro_e,
          chequers_serial_rivers_large_a
Snake:1:  cheibrodos_toxic_ritual, layout_rooms
Orc:1:    layout_caves, nooodl_orcs_dogs, uniq_maurice
Orc:2:    st_orc_elflike, layout_caves, portal_ice_cave_demonic_guard,
          nicolae_orc_flooded_monolith, guppyfry_orc_lava_fort
Abyss:3:  base: Lair:1, small_statue_intersection, abyss_exit_lava,
          hangedman_decor_points, hangedman_abyss_or_decor_clamps,
          hangedman_abyss_or_decor_clamps, evilmike_abyss_exit_15,
          evilmike_abyss_exit_10, evilmike_abyss_exit_15,
          hangedman_abyss_monster_moat, minivault_24,
          evilmike_abyss_rune_ettins, minivault_24,
          hangedman_abyss_stitches_cave, nicolae_abyss_rune_left_handed

Skill      XL: |  1  2  3  4  5  6  7  8  9 10 11 12 13 14 |
---------------+-------------------------------------------+-----
Conjurations   | 6 8 10 14 | 14.9
Spellcasting   | 4 6 8 |  8.0
Fighting       | 1 4 7 10 | 10.0
Dodging        | 4 6 7 8 |  8.0
Stealth        | 3 4 |  4.0
Invocations    | 2 4 6 9 12 | 12.0
Air Magic      | 3 4 6 9 10 12 | 12.0
Evocations     | 4 6 |  6.0
Fire Magic     | 3 |  3.0
Throwing       | |  0.4

Action                   |  1- 3 |  4- 6 |  7- 9 | 10-12 | 13-15 || total
-------------------------+-------+-------+-------+-------+-------++-------
Melee: Staff             |    32 |    14 |    38 |       |       ||    84
       Unarmed           |     1 |       |       |       |       ||     1
       Tailslap          |     1 |     1 |     6 |    17 |    35 ||    60
       Dagger            |       |       |     4 |       |       ||     4
       Glaive            |       |       |       |   229 |   281 ||   510
Throw: Javelin           |    23 |     9 |     7 |     3 |       ||    42
       Dart              |       |       |       |    23 |    64 ||    87
       Throwing net      |       |       |       |       |     2 ||     2
 Cast: Magic Dart        |    36 |    30 |    46 |    24 |     1 ||   137
       Searing Ray       |    12 |    15 |    65 |    16 |    13 ||   121
       Mephitic Cloud    |       |       |     4 |    26 |    12 ||    42
       Sticky Flame      |       |       |       |     7 |     9 ||    16
       Lightning Bolt    |       |       |       |     4 |     7 ||    11
       Iskenderun's Myst |       |       |       |     2 |     3 ||     5
       Fulminant Prism   |       |       |       |       |    68 ||    68
Invok: Draw Escape       |       |       |       |     6 |    12 ||    18
       Draw Destruction  |       |       |       |     5 |    25 ||    30
       Draw Summoning    |       |       |       |     2 |     8 ||    10
       Deal Four         |       |       |       |     1 |     3 ||     4
 Abil: Breathe Fire      |       |       |    30 |    31 |    30 ||    91
Evoke: Wand              |       |       |     1 |     4 |     2 ||     7
  Use: Scroll            |       |     1 |       |    17 |    14 ||    32
       Potion            |       |       |       |     2 |     5 ||     7
 Stab: Sleeping          |     2 |     1 |     3 |     7 |     5 ||    18
       Confused          |       |       |     1 |       |     1 ||     2
       Distracted        |       |       |       |     1 |     6 ||     7
       Petrified         |       |       |       |       |     4 ||     4
Armor: Skin              |    22 |    10 |    44 |   140 |   204 ||   420
Dodge: Dodged            |    32 |    15 |    63 |   282 |   344 ||   736
       Rpst.: Glaive     |       |       |       |       |    32 ||    32
